Map: Gresvan LE

Players

demonroots - Winner!

  • Race: Terran Terran
  • League: Gold
  • Spawn Location: 5:00

MattBarry

  • Race: Zerg Zerg
  • League: Gold
  • Spawn Location: 11:00

VOD

Have the link to the VOD?

Description

Time

  • Played on: Feb. 15, 2023, 7:29 a.m.
  • Length: 27:32
Show
View Real Time Build Order
Export as new Build Order

demonroots Terran - Winner!

Build Orders: Reaper Expand 

Get SALT Encoding   

  12  0:00  SCV  
  13  0:14  SCV  
  13  0:18  Supply Depot  
  14  0:27  SCV  
  15  0:40  SCV  
  16  0:42  Barracks  
  16  0:46  Refinery  
  16  0:53  SCV  
  17  1:05  SCV  
  18  1:18  SCV  
  19  1:30  Orbital Command  
  19  1:32  Reaper  
  20  1:51  Command Center  
  20  1:57  SCV  
  20  1:59  Refinery  
  21  2:09  Factory  
  21  2:10  Marine  
  22  2:20  Supply Depot  
  22  2:22  SCV  
  23  2:42  SCV  
  24  2:52  Barracks Reactor  
  24  2:54  SCV  
  25  3:05  Orbital Command  
  25  3:06  Factory Reactor, SCV  
  25  3:09  Starport  
  26  3:18  SCV  
  25  3:30  SCV  
  26  3:34  Marine x2  
  26  3:36  SCV  
  29  3:42  SCV  
  29  3:44  Hellion x2  
  34  3:49  SCV  
  34  3:51  Starport Tech Lab  
  34  3:52  Marine  
  34  3:54  SCV  
  37  3:57  Fusion Core  
  37  4:00  Marine  
  37  4:01  SCV  
  39  4:07  SCV  
  40  4:11  Supply Depot  
  40  4:13  SCV  
  41  4:19  SCV  
  42  4:24  Bunker  
  42  4:25  SCV  
  42  4:30  Hellion  
  42  4:31  SCV  
  46  4:33  Hellion  
  46  4:38  Supply Depot  
  48  4:41  SCV  
  48  4:43  SCV  
  48  4:44  Refinery  
  50  5:06  SCV x2, Command Center  
  52  5:10  Battlecruiser  
  58  5:18  SCV x2  
  60  5:32  Hellion  
  62  5:38  Armory  
  62  5:39  Factory, Engineering Bay  
  62  5:43  Supply Depot x2  
  62  5:51  Supply Depot  
  62  5:52  Refinery  
  62  6:05  SCV x2, Hellion  
  66  6:17  SCV  
  67  6:21  Battlecruiser  
  67  6:22  Factory  
  67  6:25  Orbital Command  
  73  6:33  Missile Turret  
  73  6:37  Marine x2  
  75  6:44  Orbital Command, Factory Tech Lab  
  75  6:47  SCV x2  
  77  6:56  Supply Depot  
  77  6:59  SCV  
  78  7:02  Terran Vehicle Weapons Level 1  
  78  7:07  Armory, SCV  
  79  7:08  Terran Infantry Weapons Level 1  
  79  7:09  Factory Tech Lab  
  79  7:14  Infernal Pre-Igniter  
  79  7:19  Supply Depot  
  73  7:55  SCV x3  
  76  8:03  Hellion x2  
  76  8:04  Siege Tank x2  
  86  8:07  SCV x2  
  86  8:11  Weapon Refit  
  88  8:23  Factory  
  88  8:28  SCV x2, Refinery  
  88  8:32  Marine x2  
  92  8:36  Siege Tank x2  
  98  8:42  SCV x2  
  98  8:47  Factory  
  100  8:54  SCV x2, Refinery  
  102  8:59  Missile Turret  
  102  9:00  Missile Turret  
  102  9:04  Missile Turret  
  102  9:06  Hellion x2  
  102  9:08  Siege Tank x2  
  112  9:15  SCV x2  
  114  9:31  SCV, Hellion  
  116  9:38  Factory Tech Lab  
  117  9:39  Factory Tech Lab  
  117  9:42  Command Center  
  117  9:43  Supply Depot  
  117  9:49  Armory  
  117  9:51  Armory  
  117  10:03  Factory  
  117  10:04  Supply Depot, SCV x3, Siege Tank  
  117  10:05  Hellion  
  117  10:07  Supply Depot  
  125  10:08  Supply Depot  
  125  10:09  Supply Depot, Siege Tank  
  125  10:13  Missile Turret  
  132  10:14  Missile Turret, Hellion x3  
  132  10:16  SCV x2  
  136  10:29  Battlecruiser  
  136  10:30  Supply Depot  
  136  10:35  Thor x2  
  146  11:13  Siege Tank x2  
  146  11:16  SCV x2  
  146  11:18  Thor, Siege Tank  
  157  11:19  Terran Vehicle And Ship Armor Level 1  
  163  11:35  Command Center  
  163  11:40  Refinery  
  163  11:41  SCV x2, Sensor Tower  
  163  11:43  Refinery  
  163  11:45  Thor  
  163  11:46  Command Center, Sensor Tower, Hellion  
  163  11:47  Hellion x2  
  177  11:50  Factory Tech Lab, Hellion  
  179  11:58  Factory  
  179  12:01  Thor, Planetary Fortress  
  185  12:02  Factory  
  180  12:27  SCV x2  
  181  12:35  Terran Vehicle Weapons Level 2  
  181  12:36  Terran Ship Weapons Level 1  
  181  12:37  Command Center  
  181  12:39  Hellion x2  
  181  12:40  Thor, Hellion x2  
  181  12:42  SCV  
  196  12:50  Supply Depot, Factory Tech Lab  
  196  12:51  Factory Tech Lab  
  196  12:54  Supply Depot  
  196  12:58  SCV  
  197  13:05  Orbital Command  
  197  13:13  SCV x2, Command Center  
  199  13:59  Orbital Command  
  199  14:03  Terran Vehicle And Ship Armor Level 2  
  199  14:05  Planetary Fortress  
  199  14:13  Refinery  
  199  14:16  Refinery  
  197  15:29  Terran Vehicle Weapons Level 3, Terran Ship Weapons Level 2  
  190  15:54  Marine  
  190  15:56  Hellion x2  
  195  16:00  Hellion  
  195  16:01  Hellion  
  197  16:10  Hellion x3  
  167  16:21  Thor x2  
  171  16:32  Thor x2  
  171  16:33  Hellion  
  171  16:34  Hellion x2  
  189  16:54  Command Center  
  189  16:55  Hellion x3  
  194  17:08  Raven  
  196  17:30  Hellion x2  
  194  18:20  Raven  
  194  18:21  Siege Tank x2  
  195  18:54  Raven  
  185  19:10  Hellion x2  
  185  19:11  Hellion  
  187  19:22  Thor x2  
  199  19:44  Thor  
  199  19:45  Thor  
  195  19:46  Hellion x3  
  134  20:10  Hellion x5  
  138  20:20  Orbital Command  
  138  20:27  Thor x2  
  150  20:31  Thor x2  
  162  20:46  Hellion x3  
  168  20:58  Missile Turret  
  168  20:59  Missile Turret x2  
  168  21:07  Hellion x3  
  174  21:21  Factory  
  174  21:23  Factory  
  174  21:24  Factory  
  174  21:49  Thor x2  
  174  21:50  Hellion x2  
  174  21:51  Terran Ship Weapons Level 3, Hellion  
  174  21:52  Terran Vehicle And Ship Armor Level 3  
  192  22:06  Hellion x2  
  192  22:07  Command Center  
  196  22:09  Factory Tech Lab x2  
  196  22:11  Factory Tech Lab  
  196  22:12  Hellion  
  198  22:20  Refinery  
  198  22:22  Refinery  
  198  22:31  Hellion  
  192  23:18  Battlecruiser  
  186  23:29  Hellion  
  186  23:30  Hellion x3  
  162  23:43  Widow Mine, Hellion x2  
  162  23:44  Thor x2, Hellion  
  170  23:59  Siege Tank, Hellion x3  
  179  24:04  Siege Tank x2  
  151  25:08  Hellion x2  
  151  25:09  Thor x2, Hellion x2  
  151  25:10  Siege Tank x4  
  181  25:29  Thor  
  181  25:30  Siege Tank, Hellion x2  
  194  25:42  Thor  
  198  26:05  Hellion  
  198  26:09  Raven  
  184  26:33  Orbital Command  
  184  26:36  Refinery x2  
  184  26:37  Orbital Command  
  184  26:43  Raven  
Show
View Real Time Build Order
Export as new Build Order

MattBarry Zerg 

Build Orders: Hatch First 

Get SALT Encoding   

  12  0:00  Drone  
  13  0:12  Overlord  
  13  0:20  Drone  
  14  0:32  Drone x2  
  16  0:36  Drone  
  17  0:53  Hatchery  
  16  1:01  Extractor, Drone  
  16  1:03  Drone  
  17  1:15  Spawning Pool  
  17  1:18  Drone  
  17  1:31  Drone x2  
  19  2:03  Zergling x6  
  19  2:05  Queen x2  
  19  2:06  Overlord  
  26  2:11  Metabolic Boost  
  26  2:15  Drone  
  27  2:23  Drone  
  27  2:58  Drone x3  
  28  2:59  Drone x2  
  28  3:03  Overlord  
  32  3:14  Overlord  
  32  3:16  Extractor  
  31  3:20  Queen x2  
  35  3:29  Drone  
  36  3:47  Baneling Nest  
  35  3:49  Roach Warren  
  35  3:51  Drone  
  35  3:56  Queen  
  39  4:12  Drone x5  
  44  4:19  Lair  
  42  4:27  Drone x2  
  42  4:30  Overlord  
  44  4:39  Hatchery  
  44  5:07  Hatchery  
  44  5:08  Roach x4  
  44  5:09  Zergling x2  
  44  5:10  Overlord  
  44  5:11  Overlord  
  52  5:28  Queen  
  52  5:29  Queen  
  52  5:30  Glial Reconstitution  
  52  5:32  Centrifugal Hooks  
  56  5:55  Drone x5  
  56  5:56  Drone x2  
  62  6:11  Drone x5  
  61  6:12  Drone x2, Overlord x2  
  61  6:13  Overlord  
  67  6:21  Evolution Chamber  
  67  6:22  Zergling x2, Evolution Chamber  
  66  6:31  Extractor  
  66  6:32  Extractor  
  64  6:52  Overseer  
  64  6:54  Queen x2  
  64  6:55  Queen  
  64  6:56  Drone  
  64  6:59  Roach  
  64  7:00  Roach x4  
  64  7:01  Zerg Missile Weapons Level 1  
  81  7:02  Zerg Ground Armor Level 1  
  81  7:09  Drone x6  
  81  7:12  Overseer  
  87  7:18  Drone x2  
  89  7:30  Pneumatized Carapace  
  89  7:33  Spore Crawler x2  
  79  8:09  Spore Crawler  
  79  8:10  Spore Crawler  
  77  8:15  Spire  
  77  8:18  Drone x5  
  77  8:19  Drone x2  
  87  8:20  Roach x7  
  87  8:22  Overlord x3  
  97  8:32  Spore Crawler x2  
  95  8:47  Hydralisk Den  
  94  8:50  Drone x5  
  94  8:51  Drone x2  
  94  8:52  Drone x4  
  94  8:55  Zergling x4  
  107  8:56  Ravager, Zergling x2  
  109  9:06  Drone x6  
  109  9:07  Drone  
  116  9:54  Roach x2  
  116  9:56  Infestation Pit, Lurker Den  
  116  9:57  Ravager x3  
  116  9:59  Baneling x3  
  121  10:00  Baneling  
  121  10:01  Baneling x3  
  121  10:04  Overlord x5  
  121  10:08  Extractor  
  121  10:09  Extractor  
  119  10:25  Hatchery  
  119  10:28  Overseer  
  118  10:32  Hatchery  
  117  10:44  Corruptor x5  
  127  11:09  Corruptor  
  129  11:40  Drone x4  
  129  11:41  Corruptor x2, Drone x4  
  141  12:05  Queen  
  141  12:07  Queen  
  145  12:08  Hydralisk  
  145  12:09  Hydralisk x5  
  145  12:10  Overlord x3  
  155  12:34  Drone  
  155  12:35  Drone x2  
  155  12:36  Hydralisk x7, Drone x2  
  155  12:37  Hydralisk  
  170  12:39  Queen  
  178  12:59  Extractor x2  
  176  13:07  Overseer  
  176  13:09  Evolution Chamber  
  176  13:20  Drone x8  
  183  13:27  Hive  
  183  13:30  Zerg Melee Weapons Level 1  
  183  13:31  Zerg Ground Armor Level 2  
  179  14:15  Corruptor, Drone x2  
  179  14:16  Corruptor  
  185  14:17  Overlord x2  
  185  14:35  Extractor x2  
  171  15:01  Ravager  
  171  15:02  Ravager  
  171  15:05  Lurker x4  
  177  15:07  Seismic Spines  
  177  15:13  Zerg Missile Weapons Level 2  
  177  15:37  Hatchery  
  147  16:05  Hydralisk  
  147  16:06  Hydralisk x5  
  153  16:16  Hydralisk x4  
  155  16:31  Lurker x3  
  155  16:32  Lurker x2  
  159  16:33  Lurker x2  
  159  16:37  Roach x4  
  170  16:44  Greater Spire  
  170  16:46  Muscular Augments  
  170  16:48  Zerg Ground Armor Level 3  
  170  16:58  Adrenal Glands  
  170  17:32  Queen, Extractor  
  170  17:33  Extractor  
  170  17:40  Spore Crawler  
  170  17:41  Drone x4  
  170  17:42  Drone x5  
  178  17:58  Grooved Spines  
  178  18:07  Swarm Host, Hydralisk  
  178  18:08  Hydralisk x6  
  178  18:12  Hydralisk x2  
  173  18:13  Hydralisk x3  
  165  18:23  Hydralisk  
  165  18:24  Hydralisk x6  
  171  18:27  Zergling x10  
  171  18:28  Zergling x10  
  180  18:36  Brood Lord x5  
  180  18:37  Brood Lord x2  
  127  19:18  Zergling x22  
  132  19:39  Zergling x10  
  113  19:55  Hydralisk  
  113  19:56  Hydralisk x3  
  100  20:09  Hydralisk x2  
  100  20:10  Hydralisk x2  
  108  20:42  Lurker  
  108  20:43  Lurker x7  
  108  20:44  Overlord x2  
  108  20:45  Overlord  
  116  21:13  Corruptor x8  
  116  21:14  Corruptor x2  
  116  21:15  Corruptor  
  116  21:16  Hatchery  
  116  21:17  Hatchery  
  136  21:23  Hatchery  
  135  21:29  Extractor  
  135  21:32  Extractor  
  132  21:52  Brood Lord x4  
  139  22:26  Brood Lord x2  
  139  22:27  Brood Lord  
  145  22:34  Zergling x20  
  145  22:35  Zergling x12  
  161  22:44  Hydralisk x6  
  173  23:07  Queen x5  
  142  23:40  Corruptor x5  
  142  24:12  Corruptor x5  
  152  24:17  Drone x4  
  152  24:18  Drone x2  
  158  24:31  Zerg Flyer Armor Level 1  
  158  24:33  Zerg Melee Weapons Level 2, Extractor x2  
  110  25:10  Corruptor  
  110  25:11  Corruptor x2  
  94  25:18  Zergling x4  
  94  25:19  Zergling x10  
  94  25:20  Zergling x8  
  85  25:33  Zergling x2  
  80  25:35  Zergling x2  
  80  25:36  Zergling x4  
  80  25:37  Zergling x8  
  87  25:44  Corruptor  
  87  25:46  Corruptor x2  
  49  26:22  Zergling x22  
  55  26:40  Roach, Zergling x2  
  55  26:41  Zergling x4  
  56  26:51  Hydralisk  
Tags
 
Add a new tag
Caveats
  • Supply blocks, unpowered buildings, or Contaminate may cause inaccurate times.
  • Supply counts are checked every 10 seconds.